Map: Catalyst LE

Players

PtitDrogo - Winner!

  • Race: Protoss Protoss
  • League: Master
  • Spawn Location: 11:00

Zanster

  • Race: Zerg Zerg
  • League: Master
  • Spawn Location: 5:00

Event: HomeStory Cup XVI

VOD

Have the link to the VOD?

Description

Time

  • Played on: Nov. 9, 2017, 3:07 p.m.
  • Length: 9:30

All games in this series

Show
View Real Time Build Order
Export as new Build Order

PtitDrogo Protoss - Winner!

Build Orders: 1 Gate Expand, Oracle Opening 

Get SALT Encoding   

  12  0:02  Probe (Chrono Boost)  
  14  0:14  Probe (Chrono Boost)  
  14  0:20  Pylon  
  14  0:26  Probe (Chrono Boost)  
  15  0:30  Assimilator  
  15  0:39  Probe (Chrono Boost)  
  16  0:44  Gateway  
  16  0:45  Probe (Chrono Boost)  
  17  0:54  Probe (Chrono Boost)  
  18  1:06  Probe (Chrono Boost)  
  19  1:20  Nexus  
  19  1:25  Probe (Chrono Boost)  
  20  1:37  Cybernetics Core  
  21  1:41  Probe (Chrono Boost)  
  21  1:43  Assimilator  
  21  1:48  Pylon  
  21  1:53  Probe (Chrono Boost)  
  22  2:01  Probe (Chrono Boost)  
  22  2:08  Probe (Chrono Boost)  
  24  2:16  Stargate  
  24  2:18  Adept  
  24  2:19  Probe (Chrono Boost)  
  24  2:22  Warp Gate  
  27  2:28  Probe (Chrono Boost)  
  27  2:29  Probe (Chrono Boost)  
  27  2:34  Probe (Chrono Boost)  
  27  2:36  Probe (Chrono Boost)  
  31  2:45  Stalker  
  31  2:46  Probe (Chrono Boost)  
  31  2:48  Oracle  
  31  2:49  Probe (Chrono Boost)  
  35  2:58  Probe (Chrono Boost)  
  36  3:01  Probe (Chrono Boost)  
  40  3:10  Probe (Chrono Boost)  
  40  3:12  Pylon  
  42  3:14  Probe (Chrono Boost)  
  42  3:17  Adept  
  44  3:22  Probe (Chrono Boost)  
  44  3:26  Probe (Chrono Boost)  
  46  3:27  Pylon  
  46  3:30  Oracle  
  50  3:34  Probe (Chrono Boost)  
  50  3:38  Probe (Chrono Boost)  
  51  3:46  Probe (Chrono Boost)  
  53  3:50  Nexus, Probe (Chrono Boost)  
  53  3:52  Probe (Chrono Boost)  
  53  3:54  Pylon  
  53  4:02  Probe (Chrono Boost), Pylon  
  55  4:06  Assimilator  
  55  4:08  Assimilator, Probe (Chrono Boost)  
  56  4:14  Probe (Chrono Boost)  
  57  4:20  Probe (Chrono Boost)  
  58  4:29  Probe (Chrono Boost)  
  60  4:32  Probe (Chrono Boost), Robotics Facility  
  60  4:34  Pylon  
  60  4:38  Gateway  
  60  4:39  Gateway x2  
  60  4:41  Twilight Council  
  60  4:45  Forge  
  60  4:48  Probe (Chrono Boost)  
  60  4:49  Phoenix, Probe (Chrono Boost)  
  64  4:56  Shield Battery  
  64  4:59  Sentry  
  66  5:02  Probe (Chrono Boost)  
  66  5:03  Probe (Chrono Boost)  
  66  5:04  Probe (Chrono Boost)  
  69  5:12  Gateway  
  71  5:14  Probe (Chrono Boost)  
  71  5:16  Probe (Chrono Boost)  
  71  5:20  Photon Cannon  
  72  5:23  Gateway  
  72  5:26  Photon Cannon  
  72  5:27  Sentry  
  73  5:30  Photon Cannon  
  73  5:32  Photon Cannon  
  73  5:36  Photon Cannon  
  73  5:41  Photon Cannon  
  73  5:42  Sentry  
  75  5:43  Sentry  
  75  5:44  Sentry  
  75  5:49  Probe (Chrono Boost)  
  80  5:51  Sentry  
  80  5:52  Pylon  
  80  5:56  Shield Battery  
  82  6:07  Stalker  
  82  6:08  Stalker x2  
  82  6:09  Blink  
  88  6:12  Protoss Ground Weapons Level 1  
  88  6:15  Stalker x2  
  92  6:25  Pylon  
  63  6:44  Gateway  
  63  6:45  Immortal, Sentry x2  
  63  6:46  Gateway  
  70  6:48  Gateway  
  70  6:55  Pylon  
  70  6:57  Pylon  
  70  6:58  Sentry  
  70  7:00  Zealot x3  
  78  7:17  Sentry x2  
  82  7:23  Warp Prism  
  82  7:24  Pylon  
  82  7:26  Pylon  
  82  7:27  Stalker x3, Pylon  
  90  7:39  Pylon  
  90  7:48  Sentry x2  
  90  7:50  Adept x3  
  90  7:51  Adept  
  102  7:52  Zealot x3  
  108  8:08  Nexus, Pylon  
  108  8:11  Pylon  
  108  8:22  Sentry x2  
  108  8:23  Zealot x5  
  122  8:42  Stalker  
  122  8:45  Stalker x5  
  134  8:51  Probe (Chrono Boost)  
  121  9:10  Stalker x4  
  121  9:16  Zealot  
  108  9:20  Stalker  
  106  9:24  Stalker  
Show
View Real Time Build Order
Export as new Build Order

Zanster Zerg 

Build Orders: Hatch First 

Get SALT Encoding   

  12  0:00  Drone  
  13  0:13  Overlord  
  13  0:17  Drone  
  14  0:31  Drone x2  
  16  0:35  Drone  
  17  0:55  Hatchery  
  17  0:56  Drone  
  17  0:58  Drone  
  18  1:09  Extractor  
  17  1:14  Spawning Pool  
  17  1:17  Drone  
  17  1:20  Drone  
  18  1:29  Drone  
  19  1:40  Drone  
  20  1:50  Overlord  
  20  2:01  Queen  
  20  2:07  Queen  
  20  2:08  Zergling x4  
  26  2:12  Metabolic Boost  
  26  2:15  Drone  
  27  2:18  Drone  
  28  2:23  Drone  
  29  2:30  Drone  
  29  2:33  Drone  
  31  2:40  Hatchery  
  30  2:45  Queen  
  30  2:49  Drone  
  33  2:53  Overlord  
  33  2:57  Drone x2  
  35  3:01  Drone  
  36  3:08  Overlord  
  36  3:15  Drone x3  
  36  3:16  Drone x3  
  36  3:18  Drone  
  43  3:23  Overlord  
  43  3:27  Drone  
  44  3:28  Spore Crawler  
  44  3:30  Spore Crawler  
  44  3:31  Drone  
  43  3:36  Drone  
  43  3:40  Queen  
  46  3:46  Drone x3  
  49  3:49  Drone  
  49  3:50  Drone x2  
  52  3:58  Overlord  
  52  4:01  Drone x3  
  55  4:04  Drone  
  56  4:11  Pneumatized Carapace  
  56  4:13  Drone  
  56  4:14  Drone  
  56  4:16  Drone  
  58  4:22  Spore Crawler  
  55  4:25  Queen, Drone  
  55  4:26  Queen  
  55  4:30  Drone x3  
  62  4:33  Evolution Chamber  
  62  4:34  Drone  
  62  4:36  Overlord  
  62  4:40  Drone  
  62  4:41  Extractor  
  62  4:49  Overlord  
  62  4:51  Zergling x8  
  66  4:53  Baneling Nest  
  66  4:55  Zergling x2  
  66  4:56  Zergling x8  
  70  5:08  Zergling x4  
  70  5:09  Zergling x6  
  70  5:13  Overlord  
  75  5:14  Queen x2  
  79  5:22  Zergling x6  
  79  5:24  Overlord  
  82  5:36  Queen  
  82  5:39  Zergling x12  
  82  5:41  Baneling x7  
  82  5:42  Overlord  
  90  5:43  Overlord  
  90  5:45  Zergling x4  
  92  5:51  Baneling x3  
  92  5:55  Zergling x12  
  97  6:08  Zergling x6  
  100  6:17  Zergling x4  
  93  6:25  Zergling x4  
  83  6:26  Zergling x2  
  83  6:32  Zergling x2  
  81  6:33  Baneling x4  
  81  6:38  Zergling x4  
  81  6:42  Hatchery  
  81  6:44  Lair  
  81  6:46  Hatchery  
  79  7:01  Drone x9  
  80  7:03  Drone  
  80  7:07  Hatchery  
  87  7:09  Overlord  
  87  7:12  Drone x4  
  87  7:13  Drone  
  87  7:15  Drone  
  91  7:16  Drone  
  92  7:23  Extractor  
  92  7:24  Zerg Melee Weapons Level 1  
  92  7:25  Drone  
  92  7:29  Extractor x2, Evolution Chamber  
  89  7:31  Overlord  
  89  7:32  Drone  
  89  7:33  Drone  
  92  7:37  Drone x3  
  92  7:39  Overlord  
  94  7:46  Centrifical Hooks  
  94  7:49  Zergling x6  
  94  7:50  Zergling x10  
  102  7:56  Zergling x2  
  103  8:09  Zergling x4  
  103  8:10  Zergling x10  
  103  8:12  Zergling x2  
  113  8:13  Zergling x8  
  113  8:14  Baneling x10  
  113  8:17  Overlord  
  116  8:21  Zergling x8  
  119  8:36  Zergling x24  
  130  8:44  Zergling x4  
  130  8:45  Zergling x6  
  130  8:46  Baneling x6  
  130  8:47  Baneling x3  
  132  8:51  Zergling x2  
  132  8:52  Zergling x8  
  132  8:54  Overlord  
  135  8:56  Zergling x2  
  135  8:57  Zergling x2  
  126  9:09  Zergling x16  
Tags
 
Add a new tag
Caveats
  • Supply blocks, unpowered buildings, or Contaminate may cause inaccurate times.
  • Supply counts are checked every 10 seconds.